Map: Newkirk Precinct TE (Void)

Players

soO - Winner!

  • Race: Zerg Zerg
  • Spawn Location: 5:00

ByuL

  • Race: Zerg Zerg
  • Spawn Location: 7:00

Event: IEM Season 11 - Gyeonggi

VOD

Have the link to the VOD?

Description

Time

  • Played on: Dec. 14, 2016, 10:07 p.m.
  • Length: 25:45

All games in this series

Show
View Real Time Build Order
Export as new Build Order

soO Zerg - Winner!

Build Orders: Pool First 

Get SALT Encoding   

  12  0:01  Drone  
  13  0:13  Overlord  
  13  0:17  Drone  
  14  0:31  Drone x2  
  14  0:34  Drone  
  17  0:45  Extractor  
  17  0:46  Drone  
  17  0:50  Spawning Pool  
  17  0:56  Drone  
  17  1:07  Drone  
  18  1:20  Hatchery  
  18  1:22  Drone  
  18  1:30  Drone  
  19  1:37  Queen  
  21  1:41  Zergling x2  
  22  1:48  Metabolic Boost  
  22  1:54  Overlord  
  22  2:07  Baneling Nest  
  21  2:11  Drone  
  21  2:14  Drone  
  23  2:18  Queen  
  25  2:23  Zergling x2  
  25  2:28  Spine Crawler  
  25  2:31  Zergling x2  
  25  2:34  Zergling x2  
  27  2:42  Zergling x2  
  28  2:45  Zergling x4  
  28  2:50  Zergling x4  
  32  2:52  Baneling  
  32  2:54  Baneling  
  28  3:17  Zergling x2  
  28  3:20  Zergling x2  
  28  3:25  Hatchery, Overlord  
  27  3:36  Zergling x6  
  29  3:46  Drone  
  30  3:52  Drone x2  
  32  3:56  Drone x2  
  33  4:03  Baneling, Zergling x2  
  33  4:05  Drone  
  35  4:13  Drone  
  36  4:24  Drone  
  37  4:32  Drone  
  37  4:36  Queen  
  37  4:38  Drone x2  
  41  4:40  Drone  
  41  4:41  Drone  
  41  4:42  Baneling  
  43  4:49  Overlord  
  43  4:56  Drone  
  44  5:01  Overlord  
  44  5:04  Baneling, Overlord  
  43  5:07  Drone x2  
  43  5:08  Drone  
  43  5:16  Drone  
  43  5:18  Drone  
  43  5:20  Drone  
  46  5:23  Lair  
  46  5:30  Drone  
  46  5:32  Drone  
  46  5:34  Extractor  
  47  5:37  Drone x2, Roach Warren, Extractor  
  47  5:38  Evolution Chamber  
  47  5:40  Zergling x4  
  48  5:54  Drone x2  
  51  5:57  Drone x2  
  52  6:08  Hatchery  
  51  6:13  Overlord  
  51  6:14  Zerg Missile Weapons Level 1  
  51  6:17  Zergling x6  
  51  6:18  Roach x2  
  57  6:19  Baneling x2  
  57  6:21  Roach  
  59  6:29  Roach  
  59  6:30  Roach x3  
  63  6:35  Hatchery  
  63  6:36  Roach x2  
  63  6:38  Glial Reconstitution  
  67  6:40  Overlord  
  67  6:44  Roach  
  67  6:45  Roach  
  67  6:46  Roach  
  73  6:48  Ravager  
  73  6:52  Overlord  
  74  6:54  Overlord  
  74  6:57  Roach  
  75  7:06  Roach  
  75  7:07  Roach  
  79  7:12  Roach  
  79  7:13  Roach x2  
  85  7:18  Overseer  
  85  7:19  Roach  
  85  7:20  Queen  
  85  7:22  Overlord  
  89  7:23  Roach  
  95  7:30  Roach x2  
  95  7:36  Overlord  
  95  7:39  Roach  
  95  7:43  Roach  
  95  7:44  Roach x2  
  103  7:48  Roach x2  
  103  7:50  Overlord  
  107  7:53  Roach  
  107  7:56  Roach  
  111  7:58  Roach  
  117  8:05  Roach x2  
  116  8:14  Roach x2  
  116  8:15  Roach  
  116  8:19  Roach  
  107  8:24  Drone x3  
  107  8:25  Drone x3  
  105  8:31  Roach x2  
  109  8:35  Roach x3  
  115  8:42  Drone  
  115  8:43  Drone x4  
  115  8:47  Drone x2  
  122  8:55  Zerg Missile Weapons Level 2  
  122  8:58  Drone x2  
  122  9:00  Extractor  
  122  9:01  Extractor  
  122  9:05  Overlord  
  122  9:07  Drone  
  123  9:14  Roach x3  
  129  9:17  Overlord  
  129  9:19  Overlord  
  129  9:21  Roach, Hatchery  
  130  9:29  Roach  
  130  9:30  Roach x3  
  138  9:33  Overlord  
  138  9:36  Drone x2  
  138  9:38  Drone x3  
  138  9:39  Drone  
  138  9:45  Drone  
  138  9:46  Hydralisk Den  
  138  9:47  Drone  
  138  9:48  Drone  
  138  9:49  Drone  
  138  9:56  Drone x2  
  138  9:57  Drone  
  137  10:00  Drone  
  137  10:02  Drone  
  136  10:12  Queen  
  136  10:18  Roach x3  
  141  10:23  Roach x2  
  141  10:27  Ravager  
  141  10:28  Ravager  
  147  10:30  Roach x2  
  147  10:32  Ravager x2  
  147  10:34  Unknown  
  147  10:35  Roach x2  
  157  10:44  Hydralisk x3  
  157  10:49  Overlord  
  163  10:53  Overlord  
  163  10:54  Overlord  
  160  10:58  Overlord  
  160  11:00  Overlord  
  160  11:03  Overlord  
  160  11:07  Hydralisk  
  159  11:13  Drone x3  
  159  11:14  Drone x2  
  159  11:17  Drone  
  165  11:19  Roach  
  165  11:20  Unknown  
  167  11:31  Roach x5  
  177  11:36  Zerg Ground Armor Level 1  
  177  11:50  Roach x6  
  177  11:52  Ravager  
  177  11:53  Ravager x2  
  192  12:09  Drone, Queen  
  187  12:21  Roach x4  
  137  12:23  Roach  
  137  12:24  Roach x3  
  137  12:25  Roach x3  
  137  12:26  Roach x2  
  136  12:30  Roach x2  
  136  12:33  Roach x2  
  136  12:35  Roach  
  140  12:45  Ravager x5  
  140  12:48  Unknown  
  145  12:55  Roach x7  
  145  12:57  Unknown  
  159  13:02  Hydralisk x2  
  163  13:07  Spore Crawler  
  162  13:13  Roach x4  
  162  13:16  Drone x2  
  171  13:22  Roach x2  
  171  13:26  Roach x2  
  179  13:30  Roach x2  
  181  13:41  Ravager  
  181  13:42  Ravager  
  181  13:47  Roach  
  181  13:48  Roach x6  
  197  13:57  Drone  
  198  14:03  Ravager  
  198  14:06  Ravager  
  193  14:21  Drone x5  
  193  14:24  Overlord  
  193  14:27  Overlord  
  191  14:33  Overlord  
  191  14:36  Overlord  
  191  14:38  Hydralisk x3  
  190  14:43  Overlord, Hatchery  
  193  14:46  Hydralisk x3  
  193  14:50  Ravager  
  200  15:07  Overseer  
  187  15:24  Roach  
  187  15:25  Roach x10  
  164  15:36  Roach x5  
  172  15:47  Ravager x2  
  172  15:55  Roach  
  172  15:56  Roach x6  
  164  16:10  Roach  
  164  16:11  Roach x5  
  118  16:20  Roach x4  
  114  16:31  Hydralisk x2  
  114  16:32  Roach x2  
  111  16:33  Roach  
  111  16:34  Overseer  
  109  16:43  Roach  
  109  16:44  Roach x3  
  117  16:47  Roach x2  
  117  16:51  Ravager  
  117  16:52  Ravager  
  117  16:53  Roach  
  125  16:55  Extractor  
  125  16:58  Roach x2  
  128  17:12  Roach x3  
  128  17:13  Roach x3  
  138  17:20  Roach x3  
  138  17:21  Roach x2  
  144  17:27  Roach x3  
  150  17:34  Ravager  
  151  17:45  Hatchery  
  151  17:49  Roach x5  
  160  17:54  Ravager  
  160  17:57  Ravager  
  160  17:58  Ravager  
  163  18:04  Roach x4  
  171  18:08  Roach x2  
  175  18:13  Roach x2  
  179  18:22  Roach x3  
  179  18:23  Roach  
  179  18:25  Ravager  
  171  18:42  Roach x7  
  171  18:48  Drone x4  
  185  18:53  Ravager  
  185  18:54  Ravager  
  187  19:01  Unknown  
  187  19:02  Ravager  
  188  19:06  Roach x4  
  196  19:13  Extractor  
  196  19:15  Ravager  
  196  19:18  Roach x2  
  200  19:36  Extractor  
  191  19:46  Drone x4  
  191  19:47  Drone  
  191  19:51  Roach  
  191  19:52  Roach x2, Overlord  
  199  19:56  Overlord  
  199  20:05  Roach  
  197  20:13  Zerg Ground Armor Level 2, Roach  
  199  20:14  Unknown x2  
  195  20:37  Hydralisk x2  
  196  20:49  Hydralisk x10  
  186  20:56  Hydralisk  
  182  21:12  Roach x3  
  182  21:13  Roach x7  
  198  21:20  Hydralisk  
  200  21:28  Hatchery  
  199  21:35  Ravager  
  188  21:52  Roach x10  
  187  22:00  Roach x5  
  187  22:01  Roach  
  161  22:03  Roach  
  161  22:07  Roach  
  141  22:11  Roach  
  126  22:37  Roach x5  
  128  22:47  Roach  
  128  22:48  Roach x2  
  131  22:54  Roach x2  
  131  22:56  Ravager  
  131  22:57  Ravager  
  133  23:03  Roach x2  
  137  23:08  Roach  
  137  23:09  Unknown x2  
  137  23:10  Queen  
  141  23:15  Roach  
  141  23:19  Roach  
  145  23:22  Extractor  
  145  23:24  Extractor  
  145  23:25  Roach x2  
  147  23:29  Roach  
  147  23:33  Roach  
  151  23:34  Zergling x10  
  151  23:35  Zergling x2  
  157  23:42  Roach x2  
  157  23:47  Roach  
  163  23:55  Roach x2  
  167  23:59  Roach x2  
  171  24:05  Roach x3  
  175  24:12  Roach x3  
  177  24:24  Roach x5  
  183  24:35  Ravager  
  183  24:37  Zergling x12  
  179  25:01  Roach x9  
  185  25:16  Roach x3  
  185  25:20  Roach  
Show
View Real Time Build Order
Export as new Build Order

ByuL Zerg 

Build Orders: Pool First 

Get SALT Encoding   

  12  0:00  Drone  
  13  0:15  Extractor  
  12  0:24  Spawning Pool  
  11  0:29  Drone  
  11  0:34  Drone  
  13  0:38  Drone  
  14  0:50  Overlord  
  14  1:11  Queen, Zergling x2  
  15  1:17  Metabolic Boost  
  17  1:22  Zergling x2  
  18  1:26  Zergling x2  
  18  1:29  Zergling x2  
  20  1:34  Zergling x2  
  21  1:46  Overlord  
  21  2:00  Zergling x2  
  22  2:06  Zergling x2  
  23  2:16  Zergling x2  
  23  2:19  Zergling x6  
  27  2:28  Hatchery  
  26  2:41  Overlord  
  26  2:46  Drone  
  27  2:52  Drone x3  
  30  3:05  Zergling x4  
  29  3:15  Zergling x2  
  29  3:19  Baneling Nest  
  27  3:27  Zergling x6  
  27  3:32  Zergling x2  
  30  3:40  Zergling x2  
  30  3:51  Drone  
  30  3:52  Drone  
  30  3:54  Queen  
  34  4:01  Drone  
  34  4:02  Drone  
  35  4:04  Baneling  
  35  4:11  Drone  
  35  4:13  Drone  
  37  4:19  Baneling  
  37  4:20  Drone  
  37  4:22  Drone  
  39  4:27  Drone  
  39  4:28  Drone  
  41  4:31  Drone  
  41  4:36  Drone  
  42  4:40  Drone x2  
  42  4:45  Drone  
  44  4:57  Overlord  
  43  5:03  Overlord  
  42  5:13  Zergling x4  
  42  5:15  Zergling x2  
  42  5:16  Drone x2  
  42  5:17  Drone  
  42  5:18  Drone  
  42  5:19  Drone  
  42  5:20  Drone x2  
  50  5:23  Lair  
  50  5:29  Drone  
  50  5:33  Roach Warren  
  50  5:34  Extractor  
  49  5:37  Extractor  
  49  5:38  Drone, Evolution Chamber  
  48  5:44  Drone x2  
  48  5:45  Drone x2  
  48  5:49  Drone x3  
  54  5:52  Overlord  
  54  6:00  Baneling x3  
  54  6:01  Overlord  
  54  6:03  Zerg Missile Weapons Level 1  
  54  6:04  Overlord  
  54  6:05  Extractor  
  53  6:11  Drone x2  
  53  6:12  Drone  
  56  6:31  Roach x7  
  67  6:39  Glial Reconstitution  
  67  6:41  Overseer  
  67  6:45  Roach  
  67  6:46  Roach  
  69  6:48  Roach  
  69  6:51  Hatchery  
  69  6:57  Drone  
  69  6:58  Spire  
  68  7:04  Roach x3  
  68  7:08  Roach  
  76  7:11  Roach  
  76  7:13  Ravager  
  76  7:14  Overlord  
  79  7:18  Roach  
  79  7:20  Roach  
  83  7:23  Overlord  
  83  7:25  Ravager  
  84  7:33  Roach  
  84  7:34  Roach x3  
  92  7:38  Overlord  
  92  7:43  Roach x2  
  96  7:48  Roach x2  
  100  7:52  Overlord  
  100  7:54  Overlord  
  100  7:57  Roach  
  102  8:00  Roach x2  
  106  8:08  Overlord  
  104  8:17  Roach  
  104  8:18  Roach x4  
  102  8:22  Queen  
  104  8:30  Drone x5  
  109  8:46  Mutalisk x5  
  119  8:52  Drone  
  120  8:55  Queen  
  120  8:59  Zerg Missile Weapons Level 2  
  120  9:02  Drone  
  123  9:05  Drone  
  123  9:06  Drone  
  125  9:11  Unknown  
  125  9:12  Unknown  
  125  9:14  Roach x2  
  125  9:15  Overlord  
  129  9:21  Overlord  
  129  9:29  Overlord  
  129  9:40  Roach x8  
  129  9:44  Overlord  
  145  9:46  Ravager, Extractor  
  145  9:47  Overlord  
  145  9:48  Drone  
  145  9:51  Roach x4  
  154  10:02  Roach, Overlord x2  
  158  10:07  Roach x2  
  158  10:09  Roach  
  158  10:10  Roach  
  164  10:16  Centrifical Hooks  
  164  10:18  Drone  
  164  10:19  Drone x2  
  164  10:21  Overlord  
  167  10:22  Roach  
  167  10:24  Roach x2  
  173  10:29  Overlord  
  173  10:33  Roach  
  175  10:38  Roach x3  
  181  10:55  Hatchery  
  180  10:58  Unknown  
  180  10:59  Unknown  
  180  11:01  Zergling x2  
  180  11:02  Zergling x20  
  191  11:05  Zergling x2  
  192  11:13  Zergling x8  
  192  11:18  Ravager x3  
  199  11:25  Baneling x5  
  199  11:26  Baneling x17  
  197  11:35  Baneling  
  197  11:36  Baneling x7  
  197  11:42  Baneling  
  197  11:43  Baneling  
  197  11:47  Roach  
  199  12:01  Unknown  
  139  12:23  Roach x11  
  139  12:27  Roach x9  
  151  12:32  Roach x2  
  151  12:33  Roach x2  
  155  12:41  Roach x8  
  171  12:45  Drone, Queen  
  171  12:49  Roach  
  171  12:50  Roach  
  180  12:51  Roach x2  
  180  12:56  Roach x3  
  180  12:58  Unknown  
  188  13:05  Ravager  
  189  13:06  Roach x4  
  189  13:08  Roach  
  199  13:13  Extractor  
  198  13:24  Ravager x2  
  200  13:33  Zerg Ground Armor Level 1  
  200  13:41  Roach x6  
  196  13:57  Roach x2  
  192  14:34  Zergling x2  
  192  14:35  Zergling x14  
  190  14:46  Zergling x20  
  198  14:56  Spore Crawler x2  
  198  14:57  Spore Crawler  
  198  14:58  Spore Crawler x2  
  198  14:59  Spore Crawler  
  192  15:00  Baneling x7, Spore Crawler x2  
  192  15:01  Baneling x4  
  192  15:02  Baneling x5, Spore Crawler  
  190  15:07  Ravager x10  
  190  15:08  Ravager  
  167  15:31  Roach  
  167  15:32  Roach x14  
  158  15:36  Roach x2  
  158  15:41  Roach x3  
  152  15:50  Roach x5  
  152  15:58  Roach x4  
  152  16:04  Roach x2  
  144  16:07  Roach  
  144  16:08  Roach  
  122  16:11  Roach  
  122  16:15  Roach  
  122  16:16  Roach  
  106  16:21  Roach x2  
  106  16:22  Zergling x10  
  100  16:31  Drone  
  93  16:34  Roach x4  
  93  16:38  Extractor x2  
  93  16:39  Drone x2  
  101  16:43  Unknown x2  
  101  16:44  Queen  
  103  16:47  Roach  
  103  16:48  Roach x3  
  113  16:54  Roach  
  113  16:58  Roach x3  
  119  17:06  Roach  
  120  17:09  Roach  
  120  17:10  Roach x4  
  124  17:28  Drone x3  
  126  17:31  Roach x7  
  126  17:33  Ravager x2  
  126  17:34  Ravager  
  126  17:36  Drone  
  144  17:37  Drone  
  144  17:41  Ravager  
  144  17:42  Overseer  
  145  17:47  Roach x4  
  145  17:50  Roach  
  154  17:56  Roach x2  
  158  18:00  Roach  
  158  18:01  Ravager  
  161  18:09  Unknown, Roach x3  
  167  18:15  Roach x2  
  171  18:25  Roach x3  
  175  18:27  Ravager  
  175  18:29  Ravager  
  162  18:45  Roach  
  162  18:46  Roach x4  
  162  18:48  Ravager  
  173  18:50  Ravager  
  174  19:02  Unknown x2  
  174  19:03  Unknown  
  174  19:26  Overlord x4  
  174  19:30  Overlord  
  170  19:50  Hatchery  
  169  19:57  Mutalisk  
  169  19:58  Mutalisk x6  
  181  20:09  Mutalisk  
  183  20:18  Roach  
  183  20:19  Roach x4  
  187  20:23  Roach x2  
  185  20:40  Roach  
  185  20:41  Roach x6  
  199  20:44  Roach  
  175  21:18  Roach  
  175  21:19  Roach x11  
  197  21:34  Ravager x2  
  171  21:57  Roach  
  171  21:58  Roach x10  
  123  22:09  Roach x2  
  123  22:13  Zergling x14  
  130  22:17  Zergling x2  
  130  22:18  Roach x2, Zergling x4  
  130  22:21  Roach  
  133  22:30  Unknown, Roach  
  133  22:31  Unknown  
  125  22:38  Roach x2  
  125  22:43  Roach  
  125  22:44  Roach  
  129  22:48  Roach  
  129  22:53  Roach  
  129  22:56  Drone x3  
  129  22:58  Extractor  
  130  23:00  Roach  
  130  23:02  Roach, Zergling x4  
  136  23:10  Queen  
  138  23:12  Extractor  
  138  23:14  Roach x2  
  138  23:16  Roach  
  143  23:20  Roach  
  143  23:24  Hatchery  
  143  23:25  Roach  
  143  23:26  Zergling x4  
  148  23:32  Roach x2  
  151  23:36  Roach  
  153  23:43  Roach x2  
  153  23:46  Roach  
  148  23:58  Roach x3  
  154  24:04  Roach  
  154  24:05  Roach  
  158  24:10  Roach  
  158  24:11  Roach x3  
  158  24:12  Roach x2  
  158  24:13  Roach  
  168  24:20  Roach  
  168  24:21  Roach x2  
  163  24:30  Roach x3  
  168  24:39  Roach  
  168  24:40  Roach  
  163  24:50  Roach  
  163  24:51  Roach  
  158  24:55  Roach x3  
  162  25:00  Roach  
  160  25:08  Roach x2  
  160  25:09  Roach  
  120  25:25  Roach  
  120  25:26  Roach x3  

Tags
 
Add a new tag
Caveats
  • Supply blocks, unpowered buildings, or Contaminate may cause inaccurate times.
  • Supply counts are checked every 10 seconds.